Map: Automaton LE

Players

StoicLoofah

  • Race: Zerg Zerg
  • Spawn Location: 9:00

A.I. 1 (Very Easy) - Winner!

  • Race: Protoss Protoss
  • Spawn Location: 3:00

VOD

Have the link to the VOD?

Description

Time

  • Played on: Nov. 22, 2018, 12:23 a.m.
  • Length: 6:45
Show
View Real Time Build Order
Export as new Build Order

StoicLoofah Zerg 

Build Orders: Pool First 

Get SALT Encoding   

  12  0:01  Drone  
  13  0:13  Overlord  
  13  0:20  Drone  
  14  0:26  Extractor  
  14  0:28  Drone  
  14  0:32  Drone  
  15  0:37  Drone  
  16  0:43  Extractor  
  16  0:47  Drone  
  16  0:57  Drone  
  16  1:02  Spawning Pool  
  16  1:08  Drone  
  17  1:19  Drone  
  18  1:29  Drone  
  19  1:40  Drone  
  20  1:50  Lair  
  20  1:51  Drone  
  21  2:01  Overlord  
  21  2:16  Drone  
  22  2:25  Drone  
  23  2:36  Hatchery  
  22  2:37  Drone  
  23  2:48  Drone  
  24  2:53  Infestation Pit  
  24  2:55  Queen  
  24  2:57  Drone  
  26  3:06  Drone  
  27  3:18  Drone  
  29  3:27  Drone  
  29  3:33  Hive  
  29  3:38  Overlord  
  29  3:46  Extractor  
  29  3:48  Queen  
  30  3:50  Extractor  
  29  3:56  Drone  
  29  3:57  Drone, Spine Crawler  
  29  3:58  Spine Crawler  
  29  4:03  Drone x2  
  29  4:07  Overlord  
  29  4:09  Drone x2  
  33  4:15  Drone x2  
  35  4:23  Drone  
  36  4:29  Drone  
  37  4:41  Drone x5  
  37  4:44  Ultralisk Cavern  
  41  4:47  Drone  
  41  4:50  Drone  
  43  5:11  Drone  
  43  5:12  Drone x3  
  47  5:20  Zergling x10  
  52  5:26  Overlord  
  52  5:30  Spine Crawler  
  52  5:33  Spine Crawler  
  50  5:45  Anabolic Synthesis  
  50  5:54  Drone  
  50  5:55  Drone x5  
  55  6:10  Overlord x2  
Show
View Real Time Build Order
Export as new Build Order

A.I. 1 (Very Easy) Protoss - Winner!

Build Orders:  

Get SALT Encoding   

  12  0:00  Probe  
  13  0:13  Probe  
  14  0:21  Pylon  
  14  0:38  Assimilator  
  14  0:44  Gateway  
  14  0:47  Pylon  
  14  1:15  Assimilator  
  14  1:20  Probe  
  15  1:28  Probe  
  16  1:34  Cybernetics Core  
  16  1:36  Probe  
  16  1:47  Probe  
  18  1:56  Probe  
  18  2:01  Warp Gate  
  19  2:04  Probe  
  19  2:14  Stalker  
  22  5:20  Zealot, Probe  
  25  5:22  Pylon  
  25  5:23  Robotics Facility  
  25  5:29  Probe  
  26  5:37  Probe  
  27  5:47  Probe  
  28  5:54  Pylon  
  28  5:59  Probe  
  27  6:04  Observer  
  27  6:11  Probe  
  29  6:14  Zealot  
  31  6:22  Observer  
Tags
 
Matchup
PvZ
Opening
Pool First
Spawn Locations
Cross Positions
Add a new tag
Caveats
  • Supply blocks, unpowered buildings, or Contaminate may cause inaccurate times.
  • Supply counts are checked every 10 seconds.